 Dungeon Crawl Stone Soup version 0.30.1-4-g462c640d31 (webtiles) character file.

Game seed: 4657282707123058281

9 growler the Trooper (level 2, 23/23 HPs)
             Began as a Demonspawn Gladiator on Aug 15, 2023.
             Quit the game on level 1 of the Dungeon.
             The game lasted 00:00:34 (226 turns).

growler the Trooper (Demonspawn Gladiator)           Turns: 226, Time: 00:00:34

Health: 23/23      AC:  4    Str: 14    XL:     2   Next: 6%
Magic:  2/2        EV: 12    Int:  9    God:
Gold:   27         SH:  0    Dex: 14    Spells: 1/1 levels left

rFire   . . .        a - +0 war axe
rCold   . . .        (no shield)
rNeg    . . .        b - +0 leather armour
rPois   .            c - +0 helmet
rElec   .            (no cloak)
rCorr   .            (no gloves)
SInv    .            (no boots)
Will    .....        (no amulet)
Stlth   +            (no ring)
HPRegen 0.23/turn    (no ring)
MPRegen 0.08/turn

%: no passive effects
@: no status effects
A: hooves 1
a: no special abilities


You were on level 1 of the Dungeon.
You visited 1 branch of the dungeon, and saw 1 of its levels.

You collected 27 gold pieces.

Inventory:

Hand Weapons
 a - a +0 war axe (weapon)
Missiles
 d - 3 throwing nets (quivered)
 e - a javelin
Armour
 b - a +0 leather armour (worn)
 c - a +0 helmet (worn)


   Skills:
 + Level 2.8 Fighting
 - Level 2.6 Axes
 - Level 1.7 Throwing
 - Level 2.6 Dodging


You had one spell level left.
You didn't know any spells.
Your spell library was empty.

Dungeon Overview and Level Annotations

Branches:
Dungeon (1/15)

Altars:


Innate Abilities, Weirdness & Mutations

You have large cloven feet.


Message History

You closely miss the hobgoblin.
The hobgoblin is lightly wounded.
The hobgoblin barely misses you. The hobgoblin hits you.
You hit the hobgoblin.
The hobgoblin is heavily wounded.
The hobgoblin barely misses you.
You barely miss the hobgoblin. Your punch misses the hobgoblin.
The hobgoblin is heavily wounded.
The hobgoblin closely misses you.
You hit the hobgoblin.
The hobgoblin is severely wounded.
The hobgoblin hits you but does no damage. x2
You closely miss the hobgoblin.
The hobgoblin is severely wounded.
The hobgoblin hits you.
You hit the hobgoblin.
You kill the hobgoblin!
No target in view!
No target in view!
A goblin comes into view. It is wielding a +0 club.
The goblin shouts!
A goblin is nearby!
The goblin barely misses you.
You hit the goblin.
You kill the goblin!
You have reached level 2!
Your demonic ancestry asserts itself...
Your feet thicken and deform.
You open the door.
There is an open door here.
You now have 27 gold pieces (gained 13).
Found a club.
You open the door.
There is an open door here.
There is an open door here.
A rat comes into view.
You hit the rat but do no damage. The rat bites you but does no damage.
You hit the rat.
You kill the rat!
Are you sure you want to abandon this character and quit the game? (Confirm with "yes".)

......+....# ..##..#....#
..###.#....##+########
♣P..#..####..........# ♣♣♣....#
#..........+ ♣..#.####........?.#
♣♣♣PP................#
....##...............#
P♣..####........@....# ..P##
#>............# ##.#
###.#...........#
##.###.....###########
....#..#)..## ♣.♣.♣.♣..#..#
.........#.)###########
♣#♣#♣#♣..#............# ♣♣#
####.....#............########.##


There were no monsters in sight!

Vanquished Creatures
  2 endoplasms (D:1)
  3 goblins (D:1)
  A hobgoblin (D:1)
  A frilled lizard (D:1)
  A rat (D:1)
8 creatures vanquished.

Notes
Turn   | Place    | Note
-------+----------+-------------------------------------------
     0 | D:1      | growler the Demonspawn Gladiator began the quest for the
                  | Orb.
     0 | D:1      | Reached XP level 1. HP: 16/16 MP: 1/1
   111 | D:1      | Gained mutation: You have large cloven feet. [demonic
                  | ancestry]
   111 | D:1      | Reached XP level 2. HP: 23/23 MP: 2/2
   226 | D:1      | Quit the game

Illustrated notes

Levels and vault maps discovered:
D:1:      wander_arrival_estate, layout_basic, serial_forest,
          infiniplex_forest_lined_2, infiniplex_forest_clump_medium,
          infiniplex_forest_clump_double, infiniplex_forest_clump_long,
          infiniplex_forest_end_1, infiniplex_forest_lined_4_way,
          infiniplex_forest_straight_2

Action                     || total
---------------------------++-------
  Melee: War axe           ||    25
 Armour: Leather armour    ||     5
  Dodge: Dodged            ||    17
